 Dungeon Crawl Stone Soup version 0.31.0-32-g396128a36d (webtiles) character file.

Game seed: 9841919930516997604

1680 PaiMei the Grave Robber (level 8, -1/59 (62) HPs)
             Began as a Demonspawn Necromancer on Mar 30, 2024.
             Slain by a wight
             ... wielding a +3 spear
              (6 damage)
             ... on level 6 of the Dungeon.
             The game lasted 00:08:06 (5609 turns).

PaiMei the Grave Robber (Demonspawn Necromancer)    Turns: 5609, Time: 00:08:07

HP:   -1/59 (62)    AC: 14    Str:  9    XL:     8   Next: 71%
MP:   7/16          EV: 16    Int: 18    God:
Gold: 216           SH:  0    Dex: 13    Spells: 4/17 levels left

rFire   + . .        j - staff of death
rCold   + . .        (no shield)
rNeg    + . .        y - +2 ring mail {rF+}
rPois   .            x - +0 helmet
rElec   .            l - +2 cloak
rCorr   .            k - +1 pair of gloves
SInv    .            (no boots)
Will    .....        (no amulet)
Stlth   +            c - +5 ring of evasion
HPRegen 0.29/turn    h - ring of protection from cold
MPRegen 0.30/turn

%: no passive effects
@: slowed, lightly drained, very slow
A: magic regeneration, sharp scales 1, demonic touch 1
a: no special abilities


You were on level 6 of the Dungeon.
You visited 2 branches of the dungeon, and saw 7 of its levels.

You collected 216 gold pieces.

Inventory:

Missiles
 g - 13 poisoned darts (quivered)
 w - 4 throwing nets
Armour
 k - a +1 pair of gloves (worn)
 l - a +2 cloak (worn)
 x - a +0 helmet (worn)
 y - a +2 ring mail of fire resistance (worn)
Magical Staves
 j - a staff of death (weapon)
Jewellery
 c - a +5 ring of evasion (left hand)
 h - a ring of protection from cold (right hand)
Scrolls
 d - 7 scrolls of identify {unknown}
 e - 2 scrolls of fear {unknown}
 i - 2 scrolls of teleportation {unknown}
 m - a scroll of blinking {unknown}
 q - a scroll of enchant armour {unknown}
 s - 2 scrolls of revelation {unknown}
 u - a scroll of butterflies {unknown}
Potions
 b - a potion of magic
 f - a potion of ambrosia {unknown}
 n - a potion of brilliance {unknown}
 o - 2 potions of curing {unknown}
 p - a potion of degeneration {unknown}
 r - 2 potions of heal wounds {unknown}
 t - 2 potions of attraction {unknown}
 v - a potion of enlightenment {unknown}


   Skills:
 + Level 5.2 Fighting
 + Level 5.3 Dodging
 - Level 2.0 Stealth
 + Level 5.4 Spellcasting
 + Level 7.5 Necromancy


You had 4 spell levels left.
You knew the following spells:

 Your Spells              Type           Power      Damage    Failure   Level
a - Necrotise             Necr           100%       1d9       1%          1
b - Vampiric Draining     Necr           48%        2d9       4%          3
c - Animate Dead          Necr           48%        N/A       16%         4
d - Curse of Agony        Necr           48%        N/A       41%         5

Your spell library contained the following spells:

 Spells                   Type           Power      Damage    Failure   Level
 Freeze                   Ice            16%        1d4       34%         1
 Magic Dart               Conj           16%        1d3       34%         1
 Blink                    Tloc           8%         N/A       47%         2
 Lesser Beckoning         Tloc           8%         N/A       47%         2
 Momentum Strike          Conj/Tloc      8%         3d8       47%         2
 Searing Ray              Conj           8%         2d4       47%         2
 Frozen Ramparts          Ice            8%         1d2       71%         3
 Hailstorm                Conj/Ice       4%         3d5       71%         3
 Ozocubu's Armour         Ice            4%         N/A       71%         3
 Fulminant Prism          Conj/Alch      2%         3d5       98%         4
 Borgnjor's Vile Clutch   Necr/Erth      13%        N/A       91%         5
 Alistair's Intoxication  Alch           2%         N/A       100%        5
 Metabolic Englaciation   Hex/Ice        2%         N/A       100%        5
 Eringya's Noxious Bog    Alch           2%         4d6       100%        6
 Sculpt Simulacrum        Ice/Alch       2%         N/A       100%        6


Dungeon Overview and Level Annotations

Branches:
Dungeon (6/15)             Temple (1/1) D:4

Altars:
Ashenzari
Fedhas
Gozag
Makhleb
Okawaru
Ru
Sif Muna
Trog
Uskayaw
Wu Jian
Xom
Yredelemnul

Annotations:
D:4 Menkaure


Innate Abilities, Weirdness & Mutations

You regenerate magic rapidly.
You are partially covered in razor-sharp scales. (AC +1, Slay +1)
Your touch may inflict minor irresistible damage on your foes.


Message History

The wight attacks as it pursues you! The wight hits you but does no damage.
You hit the wraith.
You touch the wraith!
The wraith is heavily damaged.
The wight closely misses you. The wraith hits you but does no damage.
The wight hits you but does no damage.
You barely miss the wraith.
You touch the wraith!
The wraith is severely damaged.
The wraith barely misses you. The wight closely misses you.
The wight hits you but does no damage.
You hit the wraith but do no damage.
The wraith is severely damaged.
The wraith hits you. The wraith drains your vigour!
You feel yourself slow down. The wight barely misses you. x2
You hit the wraith but do no damage.
The wraith is severely damaged.
The wraith hits you. The wight hits you with a +3 falchion!
You partially resist.
You feel drained.
The wight hits you from afar with a +3 spear.
You partially resist.
You feel drained. The wraith hits you but does no damage.
The wight hits you from afar with a +3 spear!
* * * LOW HITPOINT WARNING * * *
The wight hits you but does no damage.
You hit the wraith. Your touch misses the wraith.
The wraith is severely damaged.
The wraith closely misses you. The wight closely misses you.
The wight hits you from afar with a +3 spear.
* * * LOW HITPOINT WARNING * * *
The wraith hits you but does no damage.
The wight hits you from afar with a +3 spear.
* * * LOW HITPOINT WARNING * * *
You partially resist.
You feel drained. The wight hits you but does no damage.
You hit the wraith but do no damage.
The wraith is severely damaged.
The wraith hits you but does no damage. The wight closely misses you.
The wight hits you from afar with a +3 spear.
* * * LOW HITPOINT WARNING * * *
The wraith hits you but does no damage.
A wight comes into view. It is wielding a +0 great sword.
The wight hits you from afar with a +3 spear.
You die...

# #.#........ #. #.
#.#........ #.##.
..........# ....
....# ###..# #.#.#
##..... #...#
#......#### #...##
#.<..###....##
##.#.W@z.....##
#.#####z.....# #
#)## ##z##.....
..###..#####.##.....
#.........##........
########....###.....
###### #... ..


You could see a wraith and 3 wights.

Vanquished Creatures
  Maggie (D:6)
  Eustachio (D:4)
  A water moccasin (D:5)
  3 ogres (D:5)
  4 scorpions
  3 bombardier beetles
  4 hounds
  A jelly (D:4)
  3 orc priests (D:5)
  3 iguanas
  3 hound skeletons (D:3)
  5 gnolls (D:5)
  7 adders
  4 river rats (D:5)
  An adder zombie (D:3)
  2 adder skeletons (D:3)
  6 dart slugs
  3 orcs (D:5)
  4 bats
  5 endoplasms
  4 giant cockroaches
  3 goblins (D:2)
  8 hobgoblins
  5 jackals (D:1)
  A kobold (D:2)
  3 quokkas
  6 ball pythons
  7 frilled lizards
  A quokka zombie (D:3)
  3 rats
105 creatures vanquished.

Vanquished Creatures (collateral kills)
  A frilled lizard (D:2)
  A kobold (D:4)
2 creatures vanquished.

Grand Total: 107 creatures vanquished

Notes
Turn   | Place    | Note
-------+----------+-------------------------------------------
     0 | D:1      | PaiMei the Demonspawn Necromancer began the quest for the
                  | Orb.
     0 | D:1      | Reached XP level 1. HP: 13/13 MP: 3/3
     2 | D:1      | Noticed an armataur
     2 | D:1      | Noticed a felid
     6 | D:1      | Noticed a gargoyle
     6 | D:1      | Noticed a demonspawn
     8 | D:1      | Noticed a tengu
     8 | D:1      | Noticed a draconian
    10 | D:1      | Noticed a spriggan
    10 | D:1      | Noticed a demigod
    12 | D:1      | Noticed a minotaur
    12 | D:1      | Noticed a djinni
    14 | D:1      | Noticed a ghoul
    14 | D:1      | Noticed a troll
    16 | D:1      | Noticed a merfolk
    16 | D:1      | Noticed a vampire
    18 | D:1      | Noticed a barachi
    20 | D:1      | Noticed an elf
    20 | D:1      | Noticed a naga
    22 | D:1      | Noticed a human
    22 | D:1      | Noticed a formicid
    24 | D:1      | Noticed an oni
    24 | D:1      | Noticed an octopode
    26 | D:1      | Noticed a vine stalker
   111 | D:1      | Gained mutation: Your touch may inflict minor irresistible
                  | damage on your foes. [demonic ancestry]
   111 | D:1      | Reached XP level 2. HP: 19/19 MP: 0/5
   996 | D:1      | Reached XP level 3. HP: 22/25 MP: 1/6
  1343 | D:2      | Reached skill level 1 in Fighting
  1806 | D:2      | Reached XP level 4. HP: 32/32 MP: 3/7
  2172 | D:3      | Reached skill level 5 in Necromancy
  2245 | D:3      | Found a shimmering blue altar of Sif Muna.
  3099 | D:4      | Gained mutation: You are partially covered in razor-sharp
                  | scales. (AC +1, Slay +1) [demonic ancestry]
  3099 | D:4      | Reached XP level 5. HP: 38/38 MP: 3/9
  3168 | D:4      | Learned a level 3 spell: Vampiric Draining
  3402 | D:4      | Noticed Eustachio
  3486 | D:4      | Gained mutation: You regenerate magic rapidly. [demonic
                  | ancestry]
  3486 | D:4      | Reached XP level 6. HP: 46/46 MP: 1/11
  3848 | D:4      | Killed Eustachio
  3849 | D:4      | Reached skill level 6 in Necromancy
  3849 | D:4      | Reached XP level 7. HP: 52/52 MP: 2/12
  3896 | D:4      | Found a staircase to the Ecumenical Temple.
  3908 | Temple   | Entered the Ecumenical Temple
  3916 | D:4      | Noticed Menkaure
  3949 | D:5      | Entered Level 5 of the Dungeon
  4346 | D:5      | Found a basalt altar of Yredelemnul.
  4498 | D:5      | Reached XP level 8. HP: 60/60 MP: 3/14
  4544 | D:5      | Identified the +1 ring mail "Igoptaohes" {Rampage}
  5041 | D:5      | Reached skill level 7 in Necromancy
  5293 | D:5      | Reached skill level 5 in Spellcasting
  5477 | D:5      | Learned a level 4 spell: Animate Dead
  5483 | D:5      | Learned a level 5 spell: Curse of Agony
  5513 | D:6      | Reached skill level 5 in Dodging
  5571 | D:6      | Noticed Maggie
  5590 | D:6      | Killed Maggie
  5591 | D:6      | Reached skill level 5 in Fighting
  5609 | D:6      | Slain by a wight

Illustrated notes

Levels and vault maps discovered:
D:1:      kb_arrival_jail, layout_loops_cross
D:2:      layout_loops_cross, grunt_ministairs_7
D:3:      layout_basic, mainiacjoe_overflow_brackets, serial_undead,
          serial_undead_d, serial_undead_d, serial_undead_c, serial_undead_a
D:4:      layout_cave_pools, minmay_temple_entry_nine_rooms, uniq_menkaure,
          uniq_eustachio
D:5:      wad_woods_tower, layout_loops_corners, kennysheep_little_box,
          reono_crystal_passage
D:6:      layout_rooms, fiery_altar_vehumet, lightli_sewer_entry_pipes,
          uniq_maggie, uniq_edmund, uniq_blork_the_orc
Temple:   hellmonk_temple_of_storms

Skill      XL: |  1  2  3  4  5  6  7  8 |
---------------+-------------------------+-----
Dodging        | 2 3 4 5 |  5.3
Stealth        | 2 |  2.0
Fighting       | 1 2 3 4 5 |  5.2
Necromancy     | 5 6 7 |  7.5
Spellcasting   | 3 4 5 |  5.4

Action                     |  1- 3 |  4- 6 |  7- 9 || total
---------------------------+-------+-------+-------++-------
  Melee: Unarmed           |    13 |       |       ||    13
         Touch             |     5 |    12 |     5 ||    22
         Staff             |     1 |    39 |    31 ||    71
         Punch             |       |       |     1 ||     1
   Cast: Necrotise         |    68 |    48 |    56 ||   172
         Vampiric Draining |       |    10 |    34 ||    44
   Stab: Distracted        |     1 |       |       ||     1
 Armour: Robe              |    11 |    23 |    15 ||    49
         Ring mail         |       |       |    31 ||    31
  Dodge: Dodged            |    40 |    65 |    49 ||   154
